 Dungeon Crawl Stone Soup version 0.29-a0-338-g1ff7896281 (webtiles) character file.

Game seed: 9498065218499393989

2123 Dauddaud the Cleaver (level 9, -2/70 HPs)
             Began as a Minotaur Berserker on Apr 19, 2022.
             Was a Priest of Trog.
             Killed from afar by an orc wizard (7 damage)
             ... with a puff of flame
             ... on level 6 of the Dungeon.
             The game lasted 00:12:52 (5709 turns).

Dauddaud the Cleaver (Minotaur Berserker)           Turns: 5709, Time: 00:12:53

Health: -2/70      AC:  7    Str: 27    XL:     9   Next: 8%
Magic:  8/8        EV: 11    Int:  4    God:    Trog [***...]
Gold:   236        SH:  0    Dex:  9    Spells: 8/8 levels left

rFire   . . .      SeeInvis .   a - +0 hand axe
rCold   . . .      Faith    .   (no shield)
rNeg    . . .      Spirit   .   g - +0 ring mail
rPois   .          Reflect  .   (helmet restricted)
rElec   .          Harm     .   j - +0 cloak
rCorr   .          Rampage  .   o - +0 pair of gloves
Will    .....                   (no boots)
Stlth   ..........              (no amulet)
HPRegen 0.21/turn               (no ring)
MPRegen 0.11/turn               (no ring)

@: on berserk cooldown, slowed, very slow
A: horns 2, retaliatory headbutt
a: Renounce Religion, Berserk, Trog's Hand


You were on level 6 of the Dungeon.
You worshipped Trog.
Trog was most pleased with you.
You visited 1 branch of the dungeon, and saw 7 of its levels.

You collected 306 gold pieces.
You spent 70 gold pieces at shops.

Inventory:

Hand Weapons
 a - a +0 hand axe (weapon)
 t - a +0 short sword
Armour
 b - a +0 animal skin
 g - a +0 ring mail (worn)
 j - a +0 cloak (worn)
 o - a +0 pair of gloves (worn)
Wands
 v - a wand of charming (6)
 y - a wand of polymorph (12)
 z - a wand of iceblast (11)
Scrolls
 c - a scroll of fear
 d - a scroll of vulnerability {unknown}
 f - 2 scrolls of blinking
 h - a scroll of noise
 n - a scroll of brand weapon
 p - 3 scrolls of teleportation
 r - 3 scrolls of amnesia
 s - a scroll of fog
 u - 2 scrolls of identify
 x - a scroll of immolation {unknown}
Potions
 e - 2 potions of brilliance {unknown}
 i - 2 potions of mutation {unknown}
 k - 2 potions of flight {unknown}
 l - 3 potions of berserk rage {unknown}
 m - a potion of heal wounds
 q - a potion of attraction {unknown}
 w - 2 potions of degeneration {unknown}
 A - a potion of curing {unknown}


   Skills:
 - Level 3.6 Fighting
 + Level 14.5 Axes
 - Level 2.4 Armour
 - Level 2.1 Dodging


You had 8 spell levels left.
You didn't know any spells.
Your spell library was empty.

Dungeon Overview and Level Annotations

Branches:
Dungeon (7/15)             Temple (0/1) D:6

Altars:
Zin

Shops:
D:4 *


Innate Abilities, Weirdness & Mutations

You have a pair of horns on your head.
You reflexively headbutt those who attack you in melee.


Message History

You feel yourself slow down. Something hits you but does no damage.
You start resting.
Something hits you.
* * * LOW HITPOINT WARNING * * *
You start resting.
You feel less confused. Something hits you.
* * * LOW HITPOINT WARNING * * *
You hear some strange, mumbled words.
Something tries to affect you, but you resist.
You miss something. Your headbutt misses something.
An orc wizard appears from thin air!
Reactivating autopickup.
The orc wizard casts a spell at you.
You are confused.
You're too confused to move!
The orc wizard hits you with a +0 dagger.
* * * LOW HITPOINT WARNING * * *
Okay, then.
The orc wizard hits you with a +0 dagger.
* * * LOW HITPOINT WARNING * * *
The orc wizard points at you and mumbles some strange words.
You easily resist.
Unknown command.
The orc wizard closely misses you.
Things that are here:
a +0 dagger; a +0 robe You miss the orc wizard.
The orc wizard is moderately wounded.
The orc wizard closely misses you.
You closely miss the orc wizard.
The orc wizard is moderately wounded.
The orc wizard hits you but does no damage.
You feel less confused. The orc wizard misses you. You furiously retaliate!
You headbutt the orc wizard!
You hit the orc wizard but do no damage.
The orc wizard is severely wounded.
The orc wizard casts a spell at you. The puff of flame hits you!
You die...

###'###### #....#......#..#
.....# #....'......#..# .....#
#....#.....##..# .....#
#....#.....##### ###'##
#####..##########..# .....#
#.......##.....##..# .....#
#...............#..# .....#
#..>o#..........'..# .....#
#..@)#..........#..#
.....#########....#+###'#########
...........#.##..................
>..........#..#..................
...........'..#..................
...........#..#..................
....>......#.##..................
..#'########.#...)#####'#########
..#..........#....#.........'...#


You could see an orc wizard.

Vanquished Creatures
  Prince Ribbit (D:7)
  Edmund (D:6)
  Duvessa (D:7)
  Pargi (D:4)
  An orc warrior (D:7)
  2 ogres
  3 centaurs
  A phantom (D:3)
  3 wights (D:6)
  Dowan (D:7)
  4 killer bees (D:6)
  3 hounds
  2 orc priests
  Ijyb (D:5)
  7 iguanas
  5 orc wizards
  3 gnolls (D:4)
  5 adders
  2 dart slugs
  24 orcs
  8 endoplasms
  3 giant cockroaches
  4 goblins
  9 hobgoblins
  6 jackals
  2 quokkas
  4 ball pythons
  7 bats
  2 frilled lizards
  5 kobolds (D:2)
  3 rats
124 creatures vanquished.

Notes
Turn   | Place    | Note
-------+----------+-------------------------------------------
     0 | D:1      | Dauddaud the Minotaur Berserker began the quest for the
                  | Orb.
     0 | D:1      | Reached XP level 1. HP: 19/19 MP: 0/0
   334 | D:1      | Reached skill level 4 in Axes
   440 | D:1      | Reached XP level 2. HP: 26/26 MP: 1/1
   932 | D:2      | Reached skill level 5 in Axes
   964 | D:2      | Reached ** piety under Trog
  1054 | D:2      | Reached XP level 3. HP: 27/31 MP: 2/2
  1316 | D:3      | Noticed a phantom
  1337 | D:3      | Killed a phantom
  1338 | D:3      | Reached skill level 6 in Axes
  1338 | D:3      | Reached XP level 4. HP: 31/39 MP: 3/3
  1525 | D:3      | Reached XP level 5. HP: 45/45 MP: 4/4
  1625 | D:3      | Reached skill level 7 in Axes
  1786 | D:3      | Noticed an ogre
  1791 | D:3      | Killed an ogre
  2042 | D:3      | Reached skill level 8 in Axes
  2059 | D:3      | Found a faded altar of an unknown god.
  2094 | D:4      | Reached XP level 6. HP: 51/51 MP: 5/5
  2449 | D:4      | Found Nohusch's General Store.
  2494 | D:4      | Reached *** piety under Trog
  2495 | D:4      | Reached skill level 9 in Axes
  2692 | D:4      | Reached XP level 7. HP: 57/57 MP: 6/6
  2770 | D:4      | Found a glowing silver altar of Zin.
  2805 | D:4      | Noticed Pargi
  2815 | D:4      | Killed Pargi
  2816 | D:4      | Reached skill level 10 in Axes
  2921 | D:4      | Bought a potion of heal wounds for 70 gold pieces
  3025 | D:5      | Entered Level 5 of the Dungeon
  3531 | D:5      | Reached skill level 11 in Axes
  3603 | D:5      | Noticed Ijyb
  3622 | D:5      | Killed Ijyb
  4095 | D:6      | Reached XP level 8. HP: 34/64 MP: 7/7
  4298 | D:6      | Reached skill level 12 in Axes
  4346 | D:6      | Noticed Edmund
  4355 | D:6      | Killed Edmund
  4843 | D:6      | Reached skill level 13 in Axes
  4988 | D:6      | Found a staircase to the Ecumenical Temple.
  5451 | D:7      | Noticed Duvessa
  5451 | D:7      | Noticed Dowan
  5461 | D:7      | Noticed Prince Ribbit
  5463 | D:7      | Killed Duvessa
  5464 | D:7      | Killed Dowan
  5476 | D:7      | Reached skill level 14 in Axes
  5481 | D:7      | Killed Prince Ribbit
  5482 | D:7      | Reached XP level 9. HP: 44/70 MP: 8/8
  5709 | D:6      | Killed from afar by an orc wizard

Illustrated notes

Levels and vault maps discovered:
D:1:      wander_arrival_lonely_grave, layout_loops_ring
D:2:      layout_rooms
D:3:      layout_basic, shapermc_ecumenical_altar_petra,
          small_statue_intersection
D:4:      layout_cave_pools, lemuel_tele_altar, serial_shops,
          nicolae_stop_n_shop_2, uniq_pargi
D:5:      layout_basic, uniq_ijyb
D:6:      layout_gridville, minmay_temple_entry_poolview, amethyst_killhole,
          uniq_edmund
D:7:      layout_basic, gammafunk_ghost_arena, uniq_prince_ribbit1, uniq_joseph,
          uniq_menkaure, uniq_duvessa

Skill      XL: |  1  2  3  4  5  6  7  8 |
---------------+-------------------------+-----
Axes           | 4 5 6 8 9 11 14 | 14.5
Fighting       | |  3.6
Armour         | |  2.4
Dodging        | |  2.1

Action                   |  1- 3 |  4- 6 |  7- 9 || total
-------------------------+-------+-------+-------++-------
Melee: Hand axe          |    76 |    93 |   180 ||   349
       Headbutt          |     8 |     9 |    37 ||    54
       Punch             |     1 |     1 |     1 ||     3
Invok: Berserk           |       |       |     4 ||     4
       Trog's Hand       |       |       |     1 ||     1
  Use: Scroll            |       |       |     7 ||     7
       Potion            |       |       |     1 ||     1
Armor: Animal skin       |     5 |       |       ||     5
       Ring mail         |    19 |    22 |    53 ||    94
Dodge: Dodged            |    49 |    73 |    88 ||   210

Table legend: (Time is in decaauts)
 A = Elapsed time spent in this place.
 B = Non-inter-level travel time spent in this place.
 C = Inter-level travel time spent in this place.
 D = Time resting spent in this place.
 E = Time spent auto-exploring this place.
 F = Levels seen in this place.
 G = Mean time per level.
                   A        B        C        D        E       F      G
               +--------+--------+--------+--------+--------+-----+--------+
         Total |   5681 |   5552 |    129 |   1319 |   3494 |   7 |  811.6 |
       Dungeon |   5681 |   5552 |    129 |   1319 |   3494 |   7 |  811.6 |
               +--------+--------+--------+--------+--------+-----+--------+

Top non-repeatable levels by time:
     D:6: 1588 daAuts
     D:5: 1019 daAuts
     D:4: 932 daAuts
     D:3: 786 daAuts
     D:1: 756 daAuts
     D:2: 541 daAuts
     D:7: 57 daAuts
